 Dungeon Crawl Stone Soup version 0.31.0-32-g396128a36d (webtiles) character file.

Game seed: 13073107417575636402

2574 Wightwither the Ruffian (level 9, -3/93 HPs)
             Began as a Troll Gladiator on Mar 31, 2024.
             Slain by a warg (15 damage)
             ... on level 8 of the Dungeon.
             The game lasted 00:08:52 (5734 turns).

Wightwither the Ruffian (Troll Gladiator)           Turns: 5734, Time: 00:08:53

Health: -3/93      AC:  7    Str: 28    XL:     9   Next: 32%
Magic:  8/8        EV: 15    Int:  4    God:
Gold:   220        SH:  5    Dex: 11    Spells: 8/8 levels left

rFire   . .          .
                       - Unarmed
rCold   . . .        (no shield)
rNeg    + . .        C - +2 robe {rN+}
rPois   .            b - +0 hat
rElec   .            D - +0 cloak
rCorr   .            (gloves unavailable)
SInv    .            (boots unavailable)
Will    +....        k - amulet of reflection
Stlth   +            W - ring of willpower
HPRegen 1.15/turn    E - +5 ring of evasion
MPRegen 0.11/turn

%: reflection
@: mighty
A: large, unfitting armour, claws 3, regeneration 1, shaggy fur 1, tough skin 1
a: no special abilities


You were on level 8 of the Dungeon.
You visited 2 branches of the dungeon, and saw 9 of its levels.

You collected 340 gold pieces.
You spent 120 gold pieces at shops.


Innate Abilities, Weirdness & Mutations

You are too large for most types of armour.
You have claws for hands.
Your natural rate of healing is unusually fast.
You are covered in fur. (AC +1)
You have tough skin. (AC +1)


   Skills:
 - Level 7.0 Fighting
 - Level 1.7 Throwing
 - Level 2.4 Dodging
 - Level 7.0 Unarmed Combat
 + Level 6.7 Shapeshifting


You had 8 spell levels left.
You didn't know any spells.
Your spell library contained the following spells:

 Spells                   Type           Power      Damage    Failure   Level
 Jinxbite                 Hex            0%         N/A       65%         2
 Yara's Violent Unravell  Hex/Alch       0%         3d3       100%        5
 Enfeeble                 Hex            0%         N/A       100%        7

Inventory:

Missiles
 c - 3 throwing nets (quivered) {=f}
 d - a large rock {=f}
 i - 20 poisoned darts
Armour
 b - a +0 hat (worn)
 C - a +2 robe of positive energy (worn)
 D - a +0 cloak (worn)
Jewellery
 k - an amulet of reflection (around neck)
 v - a ring of see invisible
 E - a +5 ring of evasion (right claw)
 F - a ring of fire
 L - a ring of flight
 W - a ring of willpower (left claw)
Talismans
 a - a flux talisman
Wands
 t - a wand of flame (61)
 w - a wand of acid (8)
 x - a wand of charming (13)
 y - a wand of mindburst (13)
Scrolls
 f - 5 scrolls of identify {@r1}
 g - 8 scrolls of teleportation {unknown}
 h - a scroll of fear {unknown}
 l - 4 scrolls of poison {unknown}
 n - 2 scrolls of revelation {unknown}
 p - a scroll of noise {unknown}
 q - 2 scrolls of amnesia {unknown}
 s - a scroll of fog {unknown}
 B - a scroll of summoning {unknown}
 H - a scroll of silence {unknown}
Potions
 e - 2 potions of lignification {unknown}
 j - 3 potions of heal wounds {@q2}
 m - 5 potions of curing {@q1}
 o - 2 potions of enlightenment {unknown}
 r - 2 potions of mutation {unknown}
 u - a potion of resistance {unknown}
 A - 2 potions of degeneration
 G - a potion of ambrosia {unknown}

Dungeon Overview and Level Annotations

Branches:
Dungeon (8/15)             Temple (1/1) D:6            Lair (0/5) D:8

Altars:
Cheibriados
Elyvilon
Fedhas
Gozag
Hepliaklqana
Kikubaaqudgha
Nemelex Xobeh
Qazlal
Ru
Sif Muna
Trog
Uskayaw
Vehumet
Xom
The Shining One

Shops:
D:2 *!( D:7

! #. ......P..#
###.##.......#
#....#.......#
##+#.... #..$..#
#.......###..o#
#..... #..ho.#####
#..... +....yh.hc#
#.....##).$..###h#
......†))<..## #@#
########)...#
#.)oo# #....#
#....# ......#
#....# .......#
#....#
.........+....#
....#######....#
K.... .....#


You could see a warg, a wolf, a centaur and 2 orcs.


Message History

The orc warrior hits you but does no damage.
The warg barely misses you.
You mangle the orc warrior!!
The orc warrior is severely wounded.
You hear a shout! x2
The orc warrior misses you. You block the orc's attack.
The warg bites you but does no damage.
Unknown command.
You closely miss the orc warrior.
The orc warrior is severely wounded.
The warg bites you!
* * * LOW HITPOINT WARNING * * *
The orc warrior hits you with a +0 glaive.
* * * LOW HITPOINT WARNING * * *
You block the orc's attack.
You barely miss the orc warrior.
The orc warrior is severely wounded.
The warg barely misses you.
The orc warrior hits you with a +0 glaive!
* * * LOW HITPOINT WARNING * * *
The orc misses you. The warg barely misses you.
Unknown command.
You scratch the orc warrior.
The orc warrior is almost dead.
The warg closely misses you.
An orc comes into view. It is wielding a +0 mace.
You scratch the orc warrior.
You kill the orc warrior!
The warg bites you!
You die...

Skill      XL: |  1  2  3  4  5  6  7  8  9 |
---------------+----------------------------+-----
Fighting       | 2 3 4 5 6 7 |  7.0
Unarmed Combat | 4 5 6 7 |  7.0
Shapeshifting  | 5 6 |  6.7
Throwing       | |  1.7
Dodging        | |  2.4

Action                     |  1- 3 |  4- 6 |  7- 9 || total
---------------------------+-------+-------+-------++-------
  Melee: Unarmed           |    75 |   178 |   208 ||   461
         Punch             |     3 |     3 |     4 ||    10
    Use: Scroll            |       |     1 |       ||     1
         Potion            |       |       |     2 ||     2
   Stab: Sleeping          |     1 |       |     1 ||     2
 Armour: Robe              |    35 |    97 |   109 ||   241
  Dodge: Dodged            |    44 |    93 |   133 ||   270
  Block: Other             |       |    35 |    40 ||    75
         Reflection        |       |       |     1 ||     1

Levels and vault maps discovered:
D:1:      lemuel_arrival_hallway, layout_loops_ring
D:2:      minmay_angry_zag, layout_loops_corners, serial_shops, shop, shop,
          shop, basic_altar, uniq_robin
D:3:      layout_rooms, minmay_misc_feat_more_columns, hangedman_feature_mirror
D:4:      layout_basic, vehumet_altar_wand_db
D:5:      layout_rooms, mainiacjoe_overflow_tiny_flanked, kennysheep_donut,
          minivault_14, serial_bayou_ford_a
D:6:      layout_gridville, minmay_temple_entry_statues_pillars, uniq_sigmund
D:7:      layout_basic, serial_shops, nicolae_diamond_shop, grunt_ministairs_15
D:8:      layout_basic, erik_lair_orcish_takeover
Temple:   nicolae_temple_bog_church

Notes
Turn   | Place    | Note
-------+----------+-------------------------------------------
     0 | D:1      | Wightwither the Troll Gladiator began the quest for the
                  | Orb.
     0 | D:1      | Reached XP level 1. HP: 19/19 MP: 0/0
    80 | D:1      | Reached skill level 2 in Fighting
   143 | D:1      | Reached XP level 2. HP: 28/28 MP: 1/1
   607 | D:2      | Reached skill level 3 in Fighting
   607 | D:2      | Reached XP level 3. HP: 37/37 MP: 2/2
   874 | D:2      | Found Nirur's Distillery.
   910 | D:2      | Reached XP level 4. HP: 45/45 MP: 3/3
  1027 | D:2      | Found Pigoti's General Store.
  1072 | D:2      | Reached skill level 4 in Fighting
  1197 | D:2      | Found Sesercho's Weapon Emporium.
  1212 | D:2      | Reached XP level 5. HP: 54/54 MP: 4/4
  1289 | D:2      | Noticed Robin
  1325 | D:2      | Reached skill level 4 in Unarmed Combat
  1325 | D:2      | Found a sparkling altar of Nemelex Xobeh.
  1332 | D:2      | Killed Robin
  2298 | D:4      | Noticed a phantom
  2318 | D:4      | Killed a phantom
  2319 | D:4      | Reached XP level 6. HP: 60/63 MP: 5/5
  2470 | D:4      | Reached skill level 5 in Unarmed Combat
  2472 | D:4      | Found a radiant altar of Vehumet.
  2736 | D:5      | Entered Level 5 of the Dungeon
  2745 | D:5      | Found a stormy altar of Qazlal.
  2756 | D:5      | Reached skill level 5 in Fighting
  2769 | D:4      | Reached XP level 7. HP: 33/72 MP: 6/6
  3074 | D:5      | Reached skill level 6 in Unarmed Combat
  3876 | D:2      | Bought a potion of might for 48 gold pieces
  3876 | D:2      | Bought a potion of degeneration for 12 gold pieces
  3876 | D:2      | Bought a potion of heal wounds for 60 gold pieces
  4013 | D:6      | Found a staircase to the Ecumenical Temple.
  4071 | Temple   | Entered the Ecumenical Temple
  4212 | D:6      | Noticed a steam dragon
  4225 | D:6      | Killed a steam dragon
  4226 | D:6      | Reached skill level 6 in Fighting
  4226 | D:6      | Reached XP level 8. HP: 55/83 MP: 7/7
  4275 | D:6      | Noticed Sigmund
  4282 | D:6      | Killed Sigmund
  4283 | D:6      | Reached skill level 7 in Unarmed Combat
  4778 | D:7      | Reached skill level 7 in Fighting
  4778 | D:7      | Reached skill level 1 in Shapeshifting
  4810 | D:7      | Found Quoxt's Distillery.
  4827 | D:7      | Reached skill level 2 in Shapeshifting
  4848 | D:7      | Reached skill level 3 in Shapeshifting
  4953 | D:7      | Reached skill level 4 in Shapeshifting
  5123 | D:7      | Reached skill level 5 in Shapeshifting
  5123 | D:7      | Reached XP level 9. HP: 81/93 MP: 8/8
  5174 | D:7      | Reached skill level 6 in Shapeshifting
  5702 | D:8      | Found a staircase to the Lair.
  5727 | D:8      | HP: 3/93 [warg (12)]
  5734 | D:8      | Slain by a warg

Vanquished Creatures
  Sigmund (D:6)
  A wyvern (D:7)
  A steam dragon (D:6)
  2 ice beasts (D:7)
  An orc warrior (D:8)
  2 black bears
  An ogre (D:4)
  2 phantoms
  A kobold brigand (D:8)
  A scorpion (D:6)
  7 wights (D:7)
  8 killer bees
  3 howler monkeys
  A jelly (D:6)
  2 hounds
  2 orc priests
  2 iguanas
  3 orc wizards
  2 sleepcaps
  Robin (D:2)
  13 adders
  2 ufetubi (D:3)
  4 dart slugs
  5 ribbon worms
  16 orcs
  5 endoplasms
  2 giant cockroaches
  14 goblins
  17 hobgoblins
  3 jackals (D:2)
  3 quokkas
  7 ball pythons
  4 bats
  7 frilled lizards
  14 kobolds
  9 rats
169 creatures vanquished.

Table legend: (Time is in decaauts)
 A = Elapsed time spent in this place.
 B = Non-inter-level travel time spent in this place.
 C = Inter-level travel time spent in this place.
 D = Time resting spent in this place.
 E = Time spent auto-exploring this place.
 F = Levels seen in this place.
 G = Mean time per level.
                   A        B        C        D        E       F      G
               +--------+--------+--------+--------+--------+-----+--------+
         Total |   5688 |   5254 |    434 |    358 |   3896 |   9 |  632.0 |
       Dungeon |   5686 |   5252 |    434 |    358 |   3896 |   8 |  710.8 |
        Temple |      1 |      1 |      0 |      0 |      0 |   1 |    1.0 |
               +--------+--------+--------+--------+--------+-----+--------+

Top non-repeatable levels by time:
     D:2: 1199 daAuts
     D:5: 892 daAuts
     D:7: 891 daAuts
     D:4: 772 daAuts
     D:6: 752 daAuts
     D:1: 599 daAuts
     D:3: 520 daAuts
     D:8: 58 daAuts
  Temple: 1 daAuts

Table legend:
 A = Non-vault XP
 B = Vault XP
 C = Vault XP percentage of total XP
 D = Non-vault monster count
 E = Vault monster count
 F = Vault count percentage of total count
                 A         B        C        D         E       F
            +---------+---------+-------+---------+---------+-------
      Total |    3495 |     313 |   8.2 |     144 |      25 |  14.8
            +---------+---------+-------+---------+---------+-------
        D:1 |      34 |       0 |   0.0 |      24 |       0 |   0.0
        D:2 |     175 |      52 |  22.9 |      30 |      19 |  38.8
        D:3 |      63 |       5 |   7.4 |      12 |       2 |  14.3
        D:4 |     431 |       2 |   0.5 |      23 |       1 |   4.2
        D:5 |     474 |       0 |   0.0 |      14 |       0 |   0.0
        D:6 |     455 |     214 |  32.0 |       8 |       1 |  11.1
        D:7 |    1382 |      40 |   2.8 |      22 |       2 |   8.3
        D:8 |     481 |       0 |   0.0 |      11 |       0 |   0.0
            +---------+---------+-------+---------+---------+-------
